Predators vs Sabres
(R1)
Created - 1 décembre 2014 at 20:00
Goals
|
| Predators |
1 |
3 |
0 |
4 |
| Sabres |
0 |
2 |
4 |
6 |
|
Shots
|
| Predators |
17 |
10 |
9 |
36 |
| Sabres |
9 |
11 |
13 |
33 |
|
1st period
1. Predators , Danny Richmond 4 (Alexander Ovechkin, Brad Boyes) at 8:47
Penalties :
Tyler Sloan (Buf) for Hooking (Minor) at 3:46
2nd period
2. Predators , Joe Thornton 25 (Alexander Edler, Brad Boyes) at 5:39 (PP)
3. Sabres , Antoine Roussel 5 (Mike Fisher, Ole-Kristian Tollefsen) at 11:54
4. Predators , Joe Thornton 26 (Brad Boyes, Alexander Ovechkin) at 12:08
5. Predators , Alexander Steen 8 (Josef Vasicek) at 16:03 (PP)
6. Sabres , Ryan Hollweg 12 (Nathan Paetsch) at 17:59
Penalties :
Danny Richmond (Nas) for Holding Stick (Minor) at 0:03, Mike Fisher (Buf) for Holding (Minor) at 5:21, Richard Lintner (Buf) for Slashing (Minor) at 6:36, Nathan Dempsey (Buf) for Interference (Minor) at 12:33, Jiri Hudler (Buf) for Interference (Minor) at 15:30
3rd period
7. Sabres , James Neal 10 (Richard Lintner, Tomas Kopecky) at 10:03
8. Sabres , James Neal 11 (Steve Downie, Jiri Hudler) at 10:59
9. Sabres , Niclas Bergfors 18 (Mats Sundin) at 12:03 (PP)
10. Sabres , Steve Downie 13 (Antoine Roussel, Tyler Sloan) at 18:56 (Empty Net)
Penalties :
Nathan Dempsey (Buf) for Holding (Minor) at 2:07, Michael Grabner (Nas) for Holding Stick (Minor) at 4:33, Michael Grabner (Nas) for Cross-checking (Minor) at 11:56, Georges Laraque (Nas) for Holding (Minor) at 15:44, Antoine Roussel (Buf) for Tripping (Minor) at 19:03
Goalie Stats
Kari Lehtonen (Nas), 27 saves from 32 shots - (0,844), L, 11-9-1, 59:46 minutes
Michal Neuvirth (Buf), 32 saves from 36 shots - (0,889), W, 12-8-5, 60:00 minutes
Players Stats for Predators
Player Name G A P +/- PIM S H SB GA TA FO MP PP MP PK MP
------------------------------------------------------------------------------------
Alexander Edler 0 1 1 0 0 3 1 0 0 0 0/0 27:38 4:59 3:59
Alexander Ovechkin 0 2 2 1 0 5 2 0 0 0 3/4 24:36 5:27 2:08
Alexander Steen 1 0 1 -2 0 4 1 0 1 0 0/0 18:46 4:16 0:46
Andy Miele 0 0 0 -1 0 2 1 1 0 0 1/1 7:53 0:00 0:00
Barret Jackman 0 0 0 -1 0 0 0 0 0 0 0/0 15:05 1:18 0:42
Brad Boyes 0 3 3 1 0 2 0 0 0 0 0/1 22:13 5:23 0:00
Danny Richmond 1 0 1 0 2 3 2 2 0 1 0/0 23:29 3:47 2:08
Georges Laraque 0 0 0 -2 2 2 0 0 0 0 0/0 14:39 0:04 0:48
Joe Thornton 2 0 2 1 0 3 4 1 0 0 26/43 25:52 5:23 3:34
Josef Vasicek 0 1 1 -1 0 2 1 0 1 0 3/4 11:12 4:16 1:18
Keith Aulie 0 0 0 -2 0 0 0 0 0 2 0/0 7:31 0:00 0:00
Kent Huskins 0 0 0 -1 0 1 1 1 0 1 0/0 14:58 4:31 2:35
Kris Vernarsky 0 0 0 -2 0 1 3 1 1 0 10/11 13:39 0:04 0:00
Michael Grabner 0 0 0 -2 4 2 2 1 0 0 0/0 18:00 4:16 0:00
Oleg Saprykin 0 0 0 -2 0 2 1 2 0 0 0/1 16:53 0:00 3:34
Oliver Ekman-Larsson 0 0 0 -2 0 0 0 0 0 0 0/0 7:31 0:00 0:00
Robyn Regehr 0 0 0 0 0 4 1 2 0 1 0/0 18:41 3:47 2:44
Ryan Mcdonagh 0 0 0 0 0 0 0 1 0 0 0/0 5:16 1:04 0:00
Players Stats for Sabres
Player Name G A P +/- PIM S H SB GA TA FO MP PP MP PK MP
------------------------------------------------------------------------------------
Antoine Roussel 1 1 2 0 2 1 1 0 0 0 0/1 10:58 0:00 0:00
Derick Brassard 0 0 0 0 0 1 0 0 0 0 9/20 18:49 3:30 0:00
James Neal 2 0 2 2 0 5 2 1 2 0 0/1 15:23 2:34 0:50
Jiri Hudler 0 1 1 2 2 1 1 0 0 0 5/14 14:22 2:34 0:03
Joni Pitkanen 0 0 0 1 0 2 4 0 0 0 0/0 26:59 3:45 6:20
Kyle Calder 0 0 0 0 0 2 1 0 0 0 2/3 8:47 0:00 2:57
Mats Sundin 0 1 1 0 0 2 0 1 0 0 0/0 9:06 3:30 0:00
Mike Fisher 0 1 1 1 2 2 1 0 0 0 3/15 16:42 0:00 5:38
Nathan Dempsey 0 0 0 1 4 1 1 1 0 2 0/0 16:00 0:00 0:37
Nathan Paetsch 0 1 1 1 0 1 1 2 1 0 0/0 17:49 2:19 3:23
Niclas Bergfors 1 0 1 0 0 5 0 1 0 0 1/4 18:49 3:30 0:00
Ole-Kristian Tollefsen 0 1 1 2 0 1 1 3 0 0 0/0 29:47 3:45 6:20
Richard Lintner 0 1 1 0 2 0 1 0 0 1 0/0 12:23 0:00 0:00
Ryan Hollweg 1 0 1 0 0 3 4 0 1 0 1/1 15:33 0:00 0:00
Steve Downie 1 1 2 3 0 3 1 1 0 0 0/2 15:42 2:34 1:05
Todd White 0 0 0 1 0 0 2 0 1 0 1/4 11:52 0:00 5:56
Tomas Kopecky 0 1 1 0 0 3 0 3 0 0 0/0 13:56 0:00 2:57
Tyler Sloan 0 1 1 1 2 0 1 1 0 0 0/0 17:13 2:19 2:46
3 Stars
1 - Joe Thornton (Nas)
2 - James Neal (Buf)
3 - Steve Downie (Buf)
Power Play
Predators - 2 on 7 Attempt(s) - 28,57%
Sabres - 1 on 4 Attempt(s) - 25,00%
Penalty Kill
Predators - 3 on 4 Attempt(s) - 75,00%
- Score 0 goal in Penalty Kill
Sabres - 5 on 7 Attempt(s) - 71,43%
- Score 0 goal in Penalty Kill
Official
Referees : Walsh Ian and Auger Stephane
Linesman : Brad Lazarowich and Dan Schachte
Game Notes
Ryan Mcdonagh is injured at 16:54 of 1st period (Sprained Left Finger)
10:59 of 3rd period - Sabres goal is going for a video replay. After video review, Goal.
Steve Downie has scored in a empty net!
Finance
Level 1 -- Attendance: 6000 (100,00%) -- Ticket Income 516 000 $
Level 2 -- Attendance: 5000 (100,00%) -- Ticket Income 265 000 $
Level 3 -- Attendance: 1658 (82,90%) -- Ticket Income 54 714 $
Level 4 -- Attendance: 2964 (74,10%) -- Ticket Income 68 172 $
Luxury Box -- Attendance: 732 (73,20%) -- Ticket Income 124 440 $
Game was played at the Duff Garden
Total Attendance: 16354 (90,86%)
Total Ticket Income: 1 028 326 $
Other Income: 154 249 $
Total Income: 1 182 575 $
Predators
5 vs 5 Forward
Center Left Wing Right Wing Time % Phy DF OF
1 Joe Thornton Alexander Ovechkin Brad Boyes 40 1 1 3
2 Kris Vernarsky Alexander Steen Michael Grabner 28 1 2 2
3 Andy Miele Oleg Saprykin Georges Laraque 18 1 2 2
4 Josef Vasicek Oleg Saprykin Georges Laraque 14 1 2 2
5 vs 5 Defense
Defense Defense Time % Phy DF OF
1 Danny Richmond Alexander Edler 40 1 2 2
2 Ryan Mcdonagh Robyn Regehr 30 1 2 2
3 Barret Jackman Kent Huskins 20 2 2 1
4 Keith Aulie Oliver Ekman-Larsson 10 1 2 2
PowerPlay Forward
Center Left Wing Right Wing Time % Phy DF OF
1 Joe Thornton Alexander Ovechkin Brad Boyes 60 1 1 3
2 Josef Vasicek Alexander Steen Michael Grabner 40 1 1 3
PowerPlay Defense
Defense Defense Time % Phy DF OF
1 Ryan Mcdonagh Alexander Edler 60 1 2 2
2 Danny Richmond Robyn Regehr 40 1 2 2
Penalty Kill 4 Players Forward
Center Wing Time % Phy DF OF
1 Joe Thornton Oleg Saprykin 60 1 2 2
2 Alexander Ovechkin Georges Laraque 40 1 2 2
Penalty Kill 4 Players Defense
Defense Defense Time % Phy DF OF
1 Danny Richmond Alexander Edler 60 1 2 2
2 Ryan Mcdonagh Robyn Regehr 40 1 2 2
Penalty Kill - 3 Players Forward
Forward Time % Phy DF OF
1 Alexander Ovechkin 60 1 2 2
2 Joe Thornton 40 1 2 2
Penalty Kill - 3 Players Defense
Defense Defense Time % Phy DF OF
1 Danny Richmond Alexander Edler 60 1 2 2
2 Ryan Mcdonagh Robyn Regehr 40 1 2 2
4 vs 4 Forward
Center Wing Time % Phy DF OF
1 Joe Thornton Alexander Ovechkin 60 1 1 3
2 Alexander Steen Michael Grabner 40 1 2 2
4 vs 4 Defense
Defense Defense Time % Phy DF OF
1 Ryan Mcdonagh Alexander Edler 60 1 2 2
2 Danny Richmond Robyn Regehr 40 1 2 2
Last Minutes Offensive
Center Left Wing Right Wing Defense Defense
Joe Thornton Alexander Ovechkin Brad Boyes Danny Richmond Alexander Edler
Last Minutes Defensive
Center Left Wing Right Wing Defense Defense
Joe Thornton Alexander Ovechkin Georges Laraque Danny Richmond Alexander Edler
Goaltenders
Starting : Kari Lehtonen
Backup : Steve Mason
Extra Forwards
Normal : Alexander Steen, Michael Grabner, Oleg Saprykin - PP : Alexander Steen, Michael Grabner - PK : Oleg Saprykin
Extra Defensemen
Normal : Barret Jackman, Kent Huskins, Alexander Edler - PP : Kent Huskins - PK : Kent Huskins, Danny Richmond
Penalty Shots
Alexander Ovechkin, Joe Thornton, Michael Grabner, Alexander Steen, Brad Boyes
Sabres
5 vs 5 Forward
Center Left Wing Right Wing Time % Phy DF OF
1 Derick Brassard Ryan Hollweg Niclas Bergfors 35 1 2 2
2 Jiri Hudler James Neal Steve Downie 30 2 2 1
3 Mike Fisher Antoine Roussel Tomas Kopecky 25 1 3 1
4 Todd White Kyle Calder Mats Sundin 10 1 3 1
5 vs 5 Defense
Defense Defense Time % Phy DF OF
1 Ole-Kristian Tollefsen Nathan Dempsey 40 1 3 1
2 Richard Lintner Joni Pitkanen 30 1 3 1
3 Tyler Sloan Nathan Paetsch 20 1 3 1
4 Ole-Kristian Tollefsen Joni Pitkanen 10 1 2 2
PowerPlay Forward
Center Left Wing Right Wing Time % Phy DF OF
1 Derick Brassard Mats Sundin Niclas Bergfors 60 1 0 4
2 Jiri Hudler James Neal Steve Downie 40 2 1 2
PowerPlay Defense
Defense Defense Time % Phy DF OF
1 Ole-Kristian Tollefsen Joni Pitkanen 60 1 1 3
2 Tyler Sloan Nathan Paetsch 40 1 3 1
Penalty Kill 4 Players Forward
Center Wing Time % Phy DF OF
1 Mike Fisher Todd White 60 1 4 0
2 Kyle Calder Tomas Kopecky 40 1 4 0
Penalty Kill 4 Players Defense
Defense Defense Time % Phy DF OF
1 Ole-Kristian Tollefsen Joni Pitkanen 60 1 3 1
2 Tyler Sloan Nathan Paetsch 40 1 4 0
Penalty Kill - 3 Players Forward
Forward Time % Phy DF OF
1 Mike Fisher 60 0 5 0
2 Todd White 40 0 5 0
Penalty Kill - 3 Players Defense
Defense Defense Time % Phy DF OF
1 Ole-Kristian Tollefsen Joni Pitkanen 60 1 4 0
2 Tyler Sloan Nathan Paetsch 40 1 4 0
4 vs 4 Forward
Center Wing Time % Phy DF OF
1 Derick Brassard Niclas Bergfors 60 1 2 2
2 Mike Fisher Steve Downie 40 1 3 1
4 vs 4 Defense
Defense Defense Time % Phy DF OF
1 Ole-Kristian Tollefsen Joni Pitkanen 60 1 3 1
2 Tyler Sloan Nathan Paetsch 40 1 3 1
Last Minutes Offensive
Center Left Wing Right Wing Defense Defense
Derick Brassard James Neal Niclas Bergfors Ole-Kristian Tollefsen Joni Pitkanen
Last Minutes Defensive
Center Left Wing Right Wing Defense Defense
Mike Fisher Todd White Steve Downie Ole-Kristian Tollefsen Joni Pitkanen
Goaltenders
Starting : Michal Neuvirth
Backup : Ty Conklin
Extra Forwards
Normal : Ryan Hollweg, James Neal, Jiri Hudler - PP : Ryan Hollweg, Antoine Roussel - PK : Steve Downie
Extra Defensemen
Normal : Nathan Dempsey, Richard Lintner, Ole-Kristian Tollefsen - PP : Nathan Dempsey - PK : Nathan Dempsey, Richard Lintner
Penalty Shots
James Neal, Niclas Bergfors, Jiri Hudler, Mats Sundin, Ryan Hollweg
% Time on Ice - Predators
Lines # - Real PCT - Wanted PCT - Time Play
Normal Forward
1 - 39% - 40% - 17:14
2 - 31% - 28% - 13:29
3 - 18% - 18% - 7:53
4 - 12% - 14% - 5:30
Normal Defense
1 - 40% - 40% - 17:50
2 - 28% - 30% - 12:15
3 - 15% - 20% - 6:30
4 - 17% - 10% - 7:31
PP Forward
1 - 56% - 60% - 5:27
2 - 44% - 40% - 4:16
PP Defense
1 - 61% - 60% - 5:56
2 - 39% - 40% - 3:47
PK Forward
1 - 80% - 60% - 4:52
2 - 20% - 40% - 1:12
PK Defense
1 - 53% - 60% - 3:14
2 - 47% - 40% - 2:50
PK3 Forward
1 - 0% - 60%
2 - 0% - 40%
PK3 Defense
1 - 0% - 60%
2 - 0% - 40%
44 Forward
1 - 0% - 60%
2 - 0% - 40%
44 Defense
1 - 0% - 60%
2 - 0% - 40%
Last Minute Offensive - 0:07
Last Minute Defensive - 0:00
Total
Forward - 60:00
Defense - 60:00
|
% Time on Ice - Sabres
Lines # - Real PCT - Wanted PCT - Time Play
Normal Forward
1 - 35% - 35% - 15:34
2 - 27% - 30% - 11:46
3 - 25% - 25% - 10:59
4 - 13% - 10% - 5:50
Normal Defense
1 - 40% - 40% - 17:47
2 - 31% - 30% - 13:30
3 - 25% - 20% - 10:58
4 - 4% - 10% - 1:54
PP Forward
1 - 58% - 60% - 3:30
2 - 42% - 40% - 2:34
PP Defense
1 - 62% - 60% - 3:45
2 - 38% - 40% - 2:19
PK Forward
1 - 70% - 60% - 6:46
2 - 30% - 40% - 2:57
PK Defense
1 - 65% - 60% - 6:20
2 - 35% - 40% - 3:23
PK3 Forward
1 - 0% - 60%
2 - 0% - 40%
PK3 Defense
1 - 0% - 60%
2 - 0% - 40%
44 Forward
1 - 0% - 60%
2 - 0% - 40%
44 Defense
1 - 0% - 60%
2 - 0% - 40%
Last Minute Offensive - 0:00
Last Minute Defensive - 0:04
Total
Forward - 60:00
Defense - 60:00
|
Play by Play
1st period
0:01 of 1st period - Derick Brassard wins face-off versus Joe Thornton in neutral zone.
0:04 of 1st period - Snap shot by Ryan Hollweg.
0:04 of 1st period - Shot Blocked by Danny Richmond.
0:49 of 1st period - Tomas Kopecky is hit by Andy Miele and loses puck.
0:56 of 1st period - Slapshot by Oleg Saprykin.
0:56 of 1st period - Stopped by Michal Neuvirth with a rebound.
0:58 of 1st period - Wrist shot by Robyn Regehr.
0:58 of 1st period - Stopped by Michal Neuvirth with a rebound.
1:00 of 1st period - Slapshot by Andy Miele.
1:00 of 1st period - Stopped by Michal Neuvirth with a rebound.
1:16 of 1st period - Snap shot by Brad Boyes.
1:16 of 1st period - Shot Blocked by Mats Sundin.
1:18 of 1st period - Slapshot by Kent Huskins.
1:18 of 1st period - Stopped by Michal Neuvirth without a rebound.
1:19 of 1st period - Derick Brassard wins face-off versus Josef Vasicek in Sabres zone.
1:35 of 1st period - Off-side.
1:36 of 1st period - Joe Thornton wins face-off versus Jiri Hudler in neutral zone.
2:31 of 1st period - Snap shot by Alexander Steen.
2:31 of 1st period - Shot Misses the Net.
2:35 of 1st period - Wrist shot by Alexander Steen.
2:35 of 1st period - Deflect By Michael Grabner.
2:35 of 1st period - Shot Blocked by Ole-Kristian Tollefsen.
2:35 of 1st period - Puck is out of play.
2:36 of 1st period - Derick Brassard wins face-off versus Joe Thornton in Sabres zone.
2:45 of 1st period - Snap shot by Ryan Hollweg.
2:45 of 1st period - Stopped by Kari Lehtonen with a rebound.
3:00 of 1st period - Icing by Nathan Paetsch.
3:01 of 1st period - Kris Vernarsky wins face-off versus Derick Brassard in Sabres zone.
3:26 of 1st period - Slapshot by Alexander Ovechkin.
3:26 of 1st period - Shot Blocked by Nathan Paetsch.
3:28 of 1st period - Wrist shot by Joe Thornton.
3:28 of 1st period - Stopped by Michal Neuvirth with a rebound.
3:32 of 1st period - Snap shot by Joe Thornton.
3:32 of 1st period - Deflect By Alexander Ovechkin.
3:32 of 1st period - Stopped by Michal Neuvirth with a rebound.
3:46 of 1st period - Minor Penalty to Tyler Sloan for Hooking.
3:47 of 1st period - Joe Thornton wins face-off versus Mike Fisher in Sabres zone.
4:02 of 1st period - Snap shot by Alexander Ovechkin.
4:02 of 1st period - Stopped by Michal Neuvirth with a rebound.
4:04 of 1st period - Slapshot by Alexander Edler.
4:04 of 1st period - Shot Blocked by Ole-Kristian Tollefsen.
4:23 of 1st period - Snap shot by Alexander Steen.
4:23 of 1st period - Stopped by Michal Neuvirth with a rebound.
4:34 of 1st period - Icing by Robyn Regehr.
4:35 of 1st period - Joe Thornton wins face-off versus Mike Fisher in Predators zone.
5:46 of 1st period - Penalty to Tyler Sloan is over, Tyler Sloan is back on ice.
6:38 of 1st period - Mike Fisher is hit by Michael Grabner and loses puck.
7:28 of 1st period - Off-side.
7:29 of 1st period - Kris Vernarsky wins face-off versus Antoine Roussel in neutral zone.
8:19 of 1st period - Snap shot by Kyle Calder.
8:19 of 1st period - Stopped by Kari Lehtonen without a rebound.
8:20 of 1st period - Kris Vernarsky wins face-off versus Todd White in Predators zone.
8:29 of 1st period - Wrist shot by Kris Vernarsky.
8:29 of 1st period - Shot Misses the Net.
8:31 of 1st period - Wrist shot by Kris Vernarsky.
8:31 of 1st period - Shot Blocked by Ole-Kristian Tollefsen.
8:33 of 1st period - Slapshot by Alexander Edler.
8:33 of 1st period - Stopped by Michal Neuvirth without a rebound.
8:34 of 1st period - Joe Thornton wins face-off versus Mike Fisher in Sabres zone.
8:37 of 1st period - Snap shot by Brad Boyes.
8:37 of 1st period - Shot Blocked by Tomas Kopecky.
8:41 of 1st period - Wrist shot by Alexander Ovechkin.
8:41 of 1st period - Stopped by Michal Neuvirth with a rebound.
8:43 of 1st period - Slapshot by Danny Richmond.
8:43 of 1st period - Shot Blocked by Nathan Dempsey.
8:45 of 1st period - Slapshot by Alexander Ovechkin.
8:45 of 1st period - Stopped by Michal Neuvirth with a rebound.
8:47 of 1st period - Slapshot by Danny Richmond.
8:47 of 1st period - Goal by Danny Richmond - Predators : 1 - Sabres : 0.
8:48 of 1st period - Joe Thornton wins face-off versus Mike Fisher in neutral zone.
9:00 of 1st period - Off-side.
9:01 of 1st period - Jiri Hudler wins face-off versus Joe Thornton in neutral zone.
9:12 of 1st period - Snap shot by Jiri Hudler.
9:12 of 1st period - Shot Blocked by Ryan Mcdonagh.
9:52 of 1st period - Slapshot by Alexander Steen.
9:52 of 1st period - Stopped by Michal Neuvirth with a rebound.
9:54 of 1st period - Snap shot by Andy Miele.
9:54 of 1st period - Stopped by Michal Neuvirth with a rebound.
9:56 of 1st period - Slapshot by Andy Miele.
9:56 of 1st period - Shot Misses the Net.
9:58 of 1st period - Slapshot by Robyn Regehr.
9:58 of 1st period - Stopped by Michal Neuvirth with a rebound.
10:00 of 1st period - Wrist shot by Ryan Mcdonagh.
10:00 of 1st period - Shot Misses the Net.
10:52 of 1st period - Wrist shot by Josef Vasicek.
10:52 of 1st period - Stopped by Michal Neuvirth with a rebound.
10:54 of 1st period - Wrist shot by Kent Huskins.
10:54 of 1st period - Shot Misses the Net.
11:26 of 1st period - Wrist shot by Steve Downie.
11:26 of 1st period - Stopped by Kari Lehtonen without a rebound.
11:27 of 1st period - Kris Vernarsky wins face-off versus Jiri Hudler in Predators zone.
11:53 of 1st period - Nathan Dempsey is hit by Danny Richmond and loses puck.
12:16 of 1st period - Slapshot by Tomas Kopecky.
12:16 of 1st period - Stopped by Kari Lehtonen with a rebound.
12:59 of 1st period - Snap shot by Steve Downie.
12:59 of 1st period - Shot Blocked by Oleg Saprykin.
14:33 of 1st period - James Neal is hit by Joe Thornton and loses puck.
14:46 of 1st period - Wrist shot by James Neal.
14:46 of 1st period - Stopped by Kari Lehtonen with a rebound.
15:43 of 1st period - Snap shot by James Neal.
15:43 of 1st period - Stopped by Kari Lehtonen with a rebound.
15:45 of 1st period - Slapshot by Richard Lintner.
15:45 of 1st period - Shot Blocked by Danny Richmond.
15:47 of 1st period - Wrist shot by Joni Pitkanen.
15:47 of 1st period - Shot Misses the Net.
15:49 of 1st period - Snap shot by Joni Pitkanen.
15:49 of 1st period - Stopped by Kari Lehtonen without a rebound.
15:50 of 1st period - Derick Brassard wins face-off versus Oleg Saprykin in Predators zone.
15:57 of 1st period - Wrist shot by Ryan Hollweg.
15:57 of 1st period - Stopped by Kari Lehtonen with a rebound.
16:01 of 1st period - Slapshot by Derick Brassard.
16:01 of 1st period - Shot Blocked by Oleg Saprykin.
16:03 of 1st period - Wrist shot by Niclas Bergfors.
16:03 of 1st period - Stopped by Kari Lehtonen without a rebound.
16:04 of 1st period - Joe Thornton wins face-off versus Jiri Hudler in Predators zone.
16:04 of 1st period - Joe Thornton is hit by Nathan Dempsey.
16:29 of 1st period - Niclas Bergfors is hit by Kris Vernarsky and loses puck.
16:53 of 1st period - Ryan Mcdonagh is hit by Joni Pitkanen and loses puck.
16:54 of 1st period - Ryan Mcdonagh from Predators is injured at 16:54 of 1st period (Sprained Left Finger).
16:55 of 1st period - Derick Brassard wins face-off versus Joe Thornton in Predators zone.
17:37 of 1st period - Slapshot by Alexander Ovechkin.
17:37 of 1st period - Stopped by Michal Neuvirth without a rebound.
17:38 of 1st period - Kris Vernarsky wins face-off versus Mike Fisher in Sabres zone.
18:21 of 1st period - Icing by Niclas Bergfors.
18:22 of 1st period - Kris Vernarsky wins face-off versus Derick Brassard in Sabres zone.
18:33 of 1st period - Joe Thornton is hit by Ryan Hollweg.
Goals for this period are 1 for Predators vs 0 for Sabres.
Shots for this period are 17 for Predators vs 9 for Sabres.
2nd period
0:01 of 2nd period - Joe Thornton wins face-off versus Mike Fisher in neutral zone.
0:03 of 2nd period - Minor Penalty to Danny Richmond for Holding Stick.
0:04 of 2nd period - Derick Brassard wins face-off versus Joe Thornton in Predators zone.
0:05 of 2nd period - Snap shot by Niclas Bergfors.
0:05 of 2nd period - Stopped by Kari Lehtonen with a rebound.
0:07 of 2nd period - Snap shot by Ole-Kristian Tollefsen.
0:07 of 2nd period - Deflect By Mats Sundin.
0:07 of 2nd period - Stopped by Kari Lehtonen with a rebound.
0:17 of 2nd period - Snap shot by Mats Sundin.
0:17 of 2nd period - Stopped by Kari Lehtonen without a rebound.
0:18 of 2nd period - Joe Thornton wins face-off versus Derick Brassard in Predators zone.
0:29 of 2nd period - Slapshot by Alexander Edler.
0:29 of 2nd period - Stopped by Michal Neuvirth without a rebound.
0:30 of 2nd period - Derick Brassard wins face-off versus Joe Thornton in Sabres zone.
1:07 of 2nd period - Slapshot by Joni Pitkanen.
1:07 of 2nd period - Shot Blocked by Kent Huskins.
1:09 of 2nd period - Slapshot by Ole-Kristian Tollefsen.
1:09 of 2nd period - Stopped by Kari Lehtonen without a rebound.
1:10 of 2nd period - Alexander Ovechkin wins face-off versus Jiri Hudler in Predators zone.
2:03 of 2nd period - Penalty to Danny Richmond is over, Danny Richmond is back on ice.
2:43 of 2nd period - Niclas Bergfors is hit by Joe Thornton and loses puck.
3:02 of 2nd period - Snap shot by Steve Downie.
3:02 of 2nd period - Shot Hit the Post.
3:04 of 2nd period - Wrist shot by Steve Downie.
3:04 of 2nd period - Shot Blocked by Kris Vernarsky.
3:26 of 2nd period - Off-side.
3:27 of 2nd period - Joe Thornton wins face-off versus Todd White in neutral zone.
3:52 of 2nd period - Alexander Edler is hit by James Neal and loses puck.
4:27 of 2nd period - Barret Jackman is hit by Steve Downie and loses puck.
4:42 of 2nd period - Wrist shot by Alexander Ovechkin.
4:42 of 2nd period - Deflect By Brad Boyes.
4:42 of 2nd period - Stopped by Michal Neuvirth without a rebound.
4:43 of 2nd period - Derick Brassard wins face-off versus Joe Thornton in Sabres zone.
5:21 of 2nd period - Minor Penalty to Mike Fisher for Holding.
5:22 of 2nd period - Joe Thornton wins face-off versus Steve Downie in Sabres zone.
5:29 of 2nd period - Slapshot by Joe Thornton.
5:29 of 2nd period - Shot Blocked by Nathan Paetsch.
5:31 of 2nd period - Slapshot by Kent Huskins.
5:31 of 2nd period - Shot Blocked by Steve Downie.
5:33 of 2nd period - Wrist shot by Alexander Ovechkin.
5:33 of 2nd period - Shot Blocked by Tyler Sloan.
5:35 of 2nd period - Slapshot by Brad Boyes.
5:35 of 2nd period - Shot Misses the Net.
5:37 of 2nd period - Snap shot by Alexander Edler.
5:37 of 2nd period - Shot Misses the Net.
5:39 of 2nd period - Backhand shot by Joe Thornton.
5:39 of 2nd period - Goal by Joe Thornton - Predators : 2 - Sabres : 0.
5:40 of 2nd period - Joe Thornton wins face-off versus Niclas Bergfors in neutral zone.
6:34 of 2nd period - Wrist shot by Alexander Steen.
6:34 of 2nd period - Shot Misses the Net.
6:36 of 2nd period - Minor Penalty to Richard Lintner for Slashing.
6:37 of 2nd period - Joe Thornton wins face-off versus Mike Fisher in Sabres zone.
7:40 of 2nd period - Kent Huskins is hit by Tyler Sloan and loses puck.
7:47 of 2nd period - Tomas Kopecky is hit by Danny Richmond and loses puck.
8:36 of 2nd period - Penalty to Richard Lintner is over, Richard Lintner is back on ice.
8:48 of 2nd period - Andy Miele is hit by Ryan Hollweg and loses puck.
9:19 of 2nd period - Oleg Saprykin is hit by Todd White and loses puck.
9:35 of 2nd period - Off-side.
9:36 of 2nd period - Joe Thornton wins face-off versus Derick Brassard in neutral zone.
10:12 of 2nd period - Wrist shot by Tomas Kopecky.
10:12 of 2nd period - Stopped by Kari Lehtonen with a rebound.
10:21 of 2nd period - Icing by Barret Jackman.
10:22 of 2nd period - Joe Thornton wins face-off versus Derick Brassard in Predators zone.
10:49 of 2nd period - Jiri Hudler is hit by Robyn Regehr.
10:57 of 2nd period - Slapshot by Josef Vasicek.
10:57 of 2nd period - Stopped by Michal Neuvirth without a rebound.
10:58 of 2nd period - Niclas Bergfors wins face-off versus Joe Thornton in Sabres zone.
11:50 of 2nd period - Wrist shot by Antoine Roussel.
11:50 of 2nd period - Shot Misses the Net.
11:52 of 2nd period - Slapshot by Mike Fisher.
11:52 of 2nd period - Shot Misses the Net.
11:54 of 2nd period - Snap shot by Antoine Roussel.
11:54 of 2nd period - Goal by Antoine Roussel - Predators : 2 - Sabres : 1.
11:55 of 2nd period - Joe Thornton wins face-off versus Derick Brassard in neutral zone.
12:08 of 2nd period - Snap shot by Brad Boyes.
12:08 of 2nd period - Deflect By Joe Thornton.
12:08 of 2nd period - Goal by Joe Thornton - Predators : 3 - Sabres : 1.
12:09 of 2nd period - Alexander Ovechkin wins face-off versus Niclas Bergfors in neutral zone.
12:14 of 2nd period - Wrist shot by Alexander Ovechkin.
12:14 of 2nd period - Shot Misses the Net.
12:16 of 2nd period - Slapshot by Danny Richmond.
12:16 of 2nd period - Shot Misses the Net.
12:26 of 2nd period - Niclas Bergfors is hit by Alexander Ovechkin and loses puck.
12:33 of 2nd period - Minor Penalty to Nathan Dempsey for Interference.
12:34 of 2nd period - Todd White wins face-off versus Joe Thornton in Sabres zone.
13:11 of 2nd period - Slapshot by Joni Pitkanen.
13:11 of 2nd period - Shot Misses the Net.
13:28 of 2nd period - Off-side.
13:29 of 2nd period - Kyle Calder wins face-off versus Joe Thornton in neutral zone.
13:32 of 2nd period - Slapshot by Nathan Paetsch.
13:32 of 2nd period - Shot Misses the Net.
14:24 of 2nd period - Icing by Brad Boyes.
14:25 of 2nd period - Alexander Ovechkin wins face-off versus Steve Downie in Predators zone.
14:30 of 2nd period - Slapshot by Danny Richmond.
14:30 of 2nd period - Stopped by Michal Neuvirth with a rebound.
14:32 of 2nd period - Slapshot by Robyn Regehr.
14:32 of 2nd period - Stopped by Michal Neuvirth with a rebound.
14:33 of 2nd period - Penalty to Nathan Dempsey is over, Nathan Dempsey is back on ice.
15:09 of 2nd period - Snap shot by Alexander Steen.
15:09 of 2nd period - Shot Blocked by Tomas Kopecky.
15:25 of 2nd period - Snap shot by Georges Laraque.
15:25 of 2nd period - Stopped by Michal Neuvirth without a rebound.
15:26 of 2nd period - Josef Vasicek wins face-off versus Jiri Hudler in Sabres zone.
15:30 of 2nd period - Minor Penalty to Jiri Hudler for Interference.
15:31 of 2nd period - Mike Fisher wins face-off versus Joe Thornton in Sabres zone.
16:01 of 2nd period - Slapshot by Alexander Steen.
16:01 of 2nd period - Shot Blocked by Tomas Kopecky.
16:03 of 2nd period - Snap shot by Alexander Steen.
16:03 of 2nd period - Goal by Alexander Steen - Predators : 4 - Sabres : 1.
16:04 of 2nd period - Joe Thornton wins face-off versus Jiri Hudler in neutral zone.
16:07 of 2nd period - Slapshot by Danny Richmond.
16:07 of 2nd period - Stopped by Michal Neuvirth with a rebound.
16:13 of 2nd period - Danny Richmond is hit by Ole-Kristian Tollefsen.
16:19 of 2nd period - Wrist shot by James Neal.
16:19 of 2nd period - Stopped by Kari Lehtonen without a rebound.
16:20 of 2nd period - Kris Vernarsky wins face-off versus Derick Brassard in Predators zone.
16:25 of 2nd period - Slapshot by Danny Richmond.
16:25 of 2nd period - Shot Misses the Net.
16:47 of 2nd period - Joni Pitkanen is hit by Joe Thornton and loses puck.
17:39 of 2nd period - Alexander Ovechkin is hit by Todd White and loses puck.
17:52 of 2nd period - Kris Vernarsky is hit by Ryan Hollweg and loses puck.
17:57 of 2nd period - Snap shot by Ryan Hollweg.
17:57 of 2nd period - Shot Hit the Post.
17:59 of 2nd period - Snap shot by Ryan Hollweg.
17:59 of 2nd period - Goal by Ryan Hollweg - Predators : 4 - Sabres : 2.
18:00 of 2nd period - Mike Fisher wins face-off versus Joe Thornton in neutral zone.
18:07 of 2nd period - Slapshot by Mike Fisher.
18:07 of 2nd period - Stopped by Kari Lehtonen without a rebound.
18:08 of 2nd period - Mike Fisher wins face-off versus Brad Boyes in Predators zone.
18:09 of 2nd period - Slapshot by Tomas Kopecky.
18:09 of 2nd period - Stopped by Kari Lehtonen with a rebound.
18:11 of 2nd period - Snap shot by Tomas Kopecky.
18:11 of 2nd period - Shot Misses the Net.
18:13 of 2nd period - Wrist shot by Mike Fisher.
18:13 of 2nd period - Shot Misses the Net.
18:15 of 2nd period - Snap shot by Mike Fisher.
18:15 of 2nd period - Stopped by Kari Lehtonen without a rebound.
18:16 of 2nd period - Joe Thornton wins face-off versus Derick Brassard in Predators zone.
18:16 of 2nd period - Joe Thornton is hit by Richard Lintner.
18:24 of 2nd period - Wrist shot by Alexander Edler.
18:24 of 2nd period - Shot Blocked by Niclas Bergfors.
19:33 of 2nd period - Kyle Calder is hit by Joe Thornton and loses puck.
Goals for this period are 3 for Predators vs 2 for Sabres.
Shots for this period are 10 for Predators vs 11 for Sabres.
3rd period
0:01 of 3rd period - Joe Thornton wins face-off versus Jiri Hudler in neutral zone.
0:04 of 3rd period - Wrist shot by Brad Boyes.
0:04 of 3rd period - Shot Blocked by James Neal.
0:10 of 3rd period - Nathan Dempsey is hit by Alexander Ovechkin and loses puck.
0:17 of 3rd period - Backhand shot by Joe Thornton.
0:17 of 3rd period - Shot Misses the Net.
0:39 of 3rd period - Snap shot by Kris Vernarsky.
0:39 of 3rd period - Stopped by Michal Neuvirth with a rebound.
0:49 of 3rd period - Danny Richmond is hit by Joni Pitkanen and loses puck.
0:57 of 3rd period - Danny Richmond is hit by Joni Pitkanen and loses puck.
1:36 of 3rd period - Slapshot by Jiri Hudler.
1:36 of 3rd period - Shot Misses the Net.
1:38 of 3rd period - Snap shot by Jiri Hudler.
1:38 of 3rd period - Shot Misses the Net.
1:54 of 3rd period - Alexander Edler is hit by Ryan Hollweg and loses puck.
2:07 of 3rd period - Minor Penalty to Nathan Dempsey for Holding.
2:08 of 3rd period - Joe Thornton wins face-off versus Mike Fisher in Sabres zone.
2:42 of 3rd period - Off-side.
2:43 of 3rd period - Josef Vasicek wins face-off versus Kyle Calder in neutral zone.
2:58 of 3rd period - Nathan Paetsch is hit by Alexander Edler and loses puck.
3:15 of 3rd period - Snap shot by Alexander Edler.
3:15 of 3rd period - Stopped by Michal Neuvirth without a rebound.
3:16 of 3rd period - Kyle Calder wins face-off versus Joe Thornton in Sabres zone.
3:25 of 3rd period - Wrist shot by Kyle Calder.
3:25 of 3rd period - Stopped by Kari Lehtonen with a rebound.
4:07 of 3rd period - Penalty to Nathan Dempsey is over, Nathan Dempsey is back on ice.
4:22 of 3rd period - Nathan Paetsch is hit by Kent Huskins and loses puck.
4:25 of 3rd period - Wrist shot by Derick Brassard.
4:25 of 3rd period - Shot Blocked by Andy Miele.
4:27 of 3rd period - Wrist shot by Ryan Hollweg.
4:27 of 3rd period - Shot Misses the Net.
4:29 of 3rd period - Slapshot by Nathan Paetsch.
4:29 of 3rd period - Stopped by Kari Lehtonen without a rebound.
4:30 of 3rd period - Kris Vernarsky wins face-off versus Jiri Hudler in Predators zone.
4:30 of 3rd period - Kris Vernarsky is hit by James Neal.
4:33 of 3rd period - Minor Penalty to Michael Grabner for Holding Stick.
4:34 of 3rd period - Joe Thornton wins face-off versus Derick Brassard in Predators zone.
4:48 of 3rd period - Slapshot by Ole-Kristian Tollefsen.
4:48 of 3rd period - Shot Blocked by Joe Thornton.
5:34 of 3rd period - Backhand shot by Robyn Regehr.
5:34 of 3rd period - Deflect By Tyler Sloan.
5:34 of 3rd period - Stopped by Michal Neuvirth with a rebound.
6:33 of 3rd period - Penalty to Michael Grabner is over, Michael Grabner is back on ice.
7:05 of 3rd period - Georges Laraque is hit by Kyle Calder and loses puck.
7:20 of 3rd period - Barret Jackman is hit by Antoine Roussel and loses puck.
9:30 of 3rd period - Mike Fisher is hit by Kris Vernarsky and loses puck.
10:01 of 3rd period - Slapshot by Richard Lintner.
10:01 of 3rd period - Shot Misses the Net.
10:03 of 3rd period - Wrist shot by James Neal.
10:03 of 3rd period - Goal by James Neal - Predators : 4 - Sabres : 3.
10:04 of 3rd period - Joe Thornton wins face-off versus James Neal in neutral zone.
10:12 of 3rd period - Off-side.
10:13 of 3rd period - Jiri Hudler wins face-off versus Joe Thornton in neutral zone.
10:18 of 3rd period - Snap shot by Nathan Dempsey.
10:18 of 3rd period - Stopped by Kari Lehtonen without a rebound.
10:19 of 3rd period - Derick Brassard wins face-off versus Joe Thornton in Predators zone.
10:48 of 3rd period - Alexander Edler is hit by Jiri Hudler and loses puck.
10:53 of 3rd period - Snap shot by Jiri Hudler.
10:53 of 3rd period - Stopped by Kari Lehtonen with a rebound.
10:55 of 3rd period - Snap shot by James Neal.
10:55 of 3rd period - Shot Blocked by Michael Grabner.
10:57 of 3rd period - Slapshot by Steve Downie.
10:57 of 3rd period - Stopped by Kari Lehtonen with a rebound.
10:59 of 3rd period - Snap shot by James Neal.
10:59 of 3rd period - Sabres goal is going for a video replay.
10:59 of 3rd period - The goal is good.
10:59 of 3rd period - Goal by James Neal - Predators : 4 - Sabres : 4.
11:00 of 3rd period - Joe Thornton wins face-off versus Niclas Bergfors in neutral zone.
11:09 of 3rd period - Wrist shot by Derick Brassard.
11:09 of 3rd period - Stopped by Kari Lehtonen without a rebound.
11:10 of 3rd period - Ryan Hollweg wins face-off versus Alexander Ovechkin in Predators zone.
11:15 of 3rd period - Snap shot by Derick Brassard.
11:15 of 3rd period - Shot Blocked by Robyn Regehr.
11:39 of 3rd period - Wrist shot by Derick Brassard.
11:39 of 3rd period - Shot Blocked by Robyn Regehr.
11:41 of 3rd period - Slapshot by Joni Pitkanen.
11:41 of 3rd period - Stopped by Kari Lehtonen with a rebound.
11:53 of 3rd period - Snap shot by Niclas Bergfors.
11:53 of 3rd period - Stopped by Kari Lehtonen without a rebound.
11:54 of 3rd period - Kris Vernarsky wins face-off versus Jiri Hudler in Predators zone.
11:56 of 3rd period - Minor Penalty to Michael Grabner for Cross-checking.
11:57 of 3rd period - Joe Thornton wins face-off versus Derick Brassard in Predators zone.
12:03 of 3rd period - Snap shot by Niclas Bergfors.
12:03 of 3rd period - Goal by Niclas Bergfors - Predators : 4 - Sabres : 5.
12:04 of 3rd period - Jiri Hudler wins face-off versus Joe Thornton in neutral zone.
12:32 of 3rd period - Derick Brassard is hit by Kris Vernarsky and loses puck.
13:07 of 3rd period - Alexander Edler is hit by Mike Fisher.
13:14 of 3rd period - Icing by Andy Miele.
13:15 of 3rd period - Joe Thornton wins face-off versus Todd White in Predators zone.
13:44 of 3rd period - Todd White is hit by Josef Vasicek and loses puck.
14:07 of 3rd period - Wrist shot by Michael Grabner.
14:07 of 3rd period - Stopped by Michal Neuvirth with a rebound.
14:18 of 3rd period - Icing by Keith Aulie.
14:19 of 3rd period - Kris Vernarsky wins face-off versus Derick Brassard in Predators zone.
15:08 of 3rd period - Snap shot by Alexander Steen.
15:08 of 3rd period - Stopped by Michal Neuvirth with a rebound.
15:22 of 3rd period - Wrist shot by Michael Grabner.
15:22 of 3rd period - Stopped by Michal Neuvirth without a rebound.
15:23 of 3rd period - Andy Miele wins face-off versus Mike Fisher in Sabres zone.
15:24 of 3rd period - Snap shot by Oleg Saprykin.
15:24 of 3rd period - Stopped by Michal Neuvirth with a rebound.
15:44 of 3rd period - Minor Penalty to Georges Laraque for Holding.
15:45 of 3rd period - Jiri Hudler wins face-off versus Joe Thornton in Predators zone.
16:16 of 3rd period - Wrist shot by Niclas Bergfors.
16:16 of 3rd period - Stopped by Kari Lehtonen with a rebound.
16:26 of 3rd period - Kent Huskins is hit by Joni Pitkanen and loses puck.
17:44 of 3rd period - Penalty to Georges Laraque is over, Georges Laraque is back on ice.
17:47 of 3rd period - Barret Jackman is hit by Nathan Paetsch.
17:53 of 3rd period - Mike Fisher is hit by Oleg Saprykin.
18:04 of 3rd period - Wrist shot by Joe Thornton.
18:04 of 3rd period - Shot Misses the Net.
18:06 of 3rd period - Snap shot by Georges Laraque.
18:06 of 3rd period - Stopped by Michal Neuvirth without a rebound.
18:07 of 3rd period - Jiri Hudler wins face-off versus Kris Vernarsky in Sabres zone.
18:07 of 3rd period - Steve Downie is hit by Michael Grabner and loses puck.
18:11 of 3rd period - James Neal is hit by Alexander Steen and loses puck.
18:34 of 3rd period - Snap shot by Brad Boyes.
18:34 of 3rd period - Stopped by Michal Neuvirth without a rebound.
18:35 of 3rd period - Joe Thornton wins face-off versus Mike Fisher in Sabres zone.
18:42 of 3rd period - Predators, Kari Lehtonen is pulled from the net.
18:56 of 3rd period - Slapshot by Steve Downie.
18:56 of 3rd period - Deflect By Alexander Edler.
18:56 of 3rd period - Goal by Steve Downie - Predators : 4 - Sabres : 6.
18:56 of 3rd period - Kari Lehtonen from Predators was sent back in the game.
18:57 of 3rd period - Josef Vasicek wins face-off versus Mike Fisher in neutral zone.
19:03 of 3rd period - Minor Penalty to Antoine Roussel for Tripping.
19:04 of 3rd period - Joe Thornton wins face-off versus Mike Fisher in Sabres zone.
Goals for this period are 0 for Predators vs 4 for Sabres.
Shots for this period are 9 for Predators vs 13 for Sabres.
Output by the SimonT Hockey Simulator (STHS) for François Prévost -- Original Page W3C XHTML 1.0 Valid